 Dungeon Crawl Stone Soup version 0.28-a0-224-g76b539d98b (webtiles) character file.

Game seed: 17140837082255320589

91 Arne the Covered (level 4, -1/40 HPs)
             Began as a Minotaur Fighter on Aug 21, 2021.
             Was an Initiate of Hepliaklqana.
             Slain by a gnoll (9 damage)
             ... on level 4 of the Dungeon.
             The game lasted 00:13:51 (1714 turns).

Arne the Covered (Minotaur Fighter)                 Turns: 1714, Time: 00:13:54

Health: -1/40      AC:  9    Str: 20    XL:     4   Next: 33%
Magic:  12/12      EV:  7    Int:  5    God:    Hepliaklqana [......]
Gold:   46         SH:  8    Dex: 11    Spells: 3/3 levels left

rFire   . . .      SeeInvis .   a - +0 long sword
rCold   . . .      Faith    .   c - +0 kite shield
rNeg    . . .      Spirit   .   b - +0 scale mail
rPois   .          Reflect  .   (helmet restricted)
rElec   .          Harm     .   k - +0 cloak
rCorr   .          Rampage  .   o - +0 pair of gloves
Will    .....                   (no boots)
Stlth   ..........              (no amulet)
HPRegen 0.13/turn               m - ring of magical power
MPRegen 0.13/turn               (no ring)

@: lethally poisoned (-1 -> -11)
A: horns 2, retaliatory headbutt
a: Renounce Religion


You were on level 4 of the Dungeon.
You worshipped Hepliaklqana.
Hepliaklqana was noncommittal.
You visited 1 branch of the dungeon, and saw 4 of its levels.

You collected 46 gold pieces.

Inventory:

Hand Weapons
 a - a +0 long sword (weapon)
Missiles
 q - a throwing net (quivered)
Armour
 b - a +0 scale mail (worn)
 c - a +0 kite shield (worn)
 k - a +0 cloak (worn)
 o - a +0 pair of gloves (worn)
Jewellery
 m - a ring of magical power (left hand)
Scrolls
 g - a scroll of enchant weapon {unknown}
 n - 3 scrolls of identify {unknown}
 p - a scroll of magic mapping {unknown}
Potions
 d - a potion of might
 e - 3 potions of brilliance {unknown}
 f - 3 potions of curing {unknown}
 h - a potion of heal wounds {unknown}
 i - a potion of lignification {unknown}
 j - a potion of cancellation {unknown}
 l - a potion of degeneration {unknown}


   Skills:
 + Level 4.0 Fighting
 * Level 4.2 Long Blades
 + Level 4.2 Armour
 + Level 0.6 Dodging
 + Level 4.1 Shields


You had 3 spell levels left.
You didn't know any spells.
Your spell library was empty.

Dungeon Overview and Level Annotations

Branches:
Dungeon (4/15)
 Temple: D:4-7

Altars:
Dithmenos
Hepliaklqana
Nemelex Xobeh
Qazlal
Trog
Vehumet
Yredelemnul


Innate Abilities, Weirdness & Mutations

You have a pair of horns on your head.
You reflexively headbutt those who attack you in melee.


Message History

There is a stone staircase leading down here.
You climb downwards.
The gnoll shouts! x3
There is a stone staircase leading up here.
You block the gnoll's attack.
You hit the gnoll but do no damage.
The gnoll throws a throwing net.
The throwing net barely misses you. You block the gnoll's attack.
You hit the gnoll. Your headbutt misses the gnoll.
The gnoll is lightly wounded.
You block the gnoll's attack.
The gnoll hits you but does no damage. x2
You are poisoned.
The gnoll hits you with a +0 flail! The gnoll barely misses you.
The gnoll closely misses you.
You hit the gnoll.
The gnoll is moderately wounded.
You feel sick. You block the gnoll's attack.
The gnoll hits you but does no damage. You block the gnoll's attack.
The gnoll hits you but does no damage. The gnoll barely misses you.
You block the gnoll's attack.
You closely miss the gnoll. Your headbutt misses the gnoll.
The gnoll is moderately wounded.
You feel sick. The gnoll barely misses you.
The gnoll hits you from afar with a +0 halberd.
The gnoll throws a throwing net.
The throwing net closely misses you. The gnoll barely misses you.
You riposte.
You hit the gnoll. You headbutt the gnoll.
The gnoll is almost dead.
You hit the gnoll but do no damage.
The gnoll is almost dead.
You feel sick. The gnoll barely misses you.
The gnoll hits you but does no damage.
The gnoll hits you from afar with a +2 halberd of venom.
You are more poisoned.
The gnoll closely misses you.
The gnoll hits you from afar with a +0 spear.
The gnoll hits you from afar with a +0 halberd!
* * * LOW HITPOINT WARNING * * *
You block the gnoll's attack.
The gnoll hits you from afar with a +2 halberd of venom!
You die...

##+##
##...##
##.....##
##.......##
#.........#
+..ggg....+
#.........#
#..g@...#
##..<(.##
##...##
##+##


You could see 4 gnolls.

Vanquished Creatures
  3 adders (D:2)
  A dart slug (D:1)
  9 endoplasms
  5 giant cockroaches
  4 goblins
  7 hobgoblins
  3 jackals (D:2)
  5 kobolds
  4 quokkas (D:1)
  5 ball pythons
  2 bats
  3 frilled lizards
  7 rats
58 creatures vanquished.

Notes
Turn   | Place    | Note
-------+----------+-------------------------------------------
     0 | D:1      | Arne the Minotaur Fighter began the quest for the Orb.
     0 | D:1      | Reached XP level 1. HP: 19/19 MP: 0/0
   271 | D:1      | Reached XP level 2. HP: 25/27 MP: 1/1
   558 | D:1      | Reached XP level 3. HP: 33/33 MP: 2/2
   558 | D:1      | Found a faded altar of an unknown god.
  1042 | D:2      | Reached XP level 4. HP: 23/40 MP: 3/3
  1251 | D:3      | Found a sparkling altar of Nemelex Xobeh.
  1251 | D:3      | Found a hazy altar of Hepliaklqana.
  1251 | D:3      | Found a bloodstained altar of Trog.
  1251 | D:3      | Found a basalt altar of Yredelemnul.
  1258 | D:3      | Found a radiant altar of Vehumet.
  1258 | D:3      | Found a shadowy altar of Dithmenos.
  1266 | D:3      | Became a worshipper of Hepliaklqana the Forgotten
  1690 | D:3      | Found a stormy altar of Qazlal.
  1714 | D:4      | Slain by a gnoll

Illustrated notes

Levels and vault maps discovered:
D:1:      lemuel_arrival_funnel, layout_basic, hellmonk_ecumenical_altar_run_dry
D:2:      layout_loops_cross, minmay_crystal_room
D:3:      layout_basic, nicolae_qazlal_eye_of_the_storm,
          minmay_overflow_temple_hex
D:4:      layout_loops_corners, temple_pool_b, minmay_lizard_king

Skill      XL: |  1  2  3  4 |
---------------+-------------+-----
Armour         | 4 |  4.2
Shields        | 4 |  4.1
Long Blades    | 3 4 |  4.2
Fighting       | 4 |  4.0
Dodging        | |  0.6

Action                   |  1- 3 |  4- 6 || total
-------------------------+-------+-------++-------
Melee: Long sword        |    85 |    39 ||   124
       Headbutt          |     7 |     7 ||    14
Armor: Scale mail        |    46 |    21 ||    67
Dodge: Dodged            |    34 |    16 ||    50
Block: Kite shield       |    44 |    17 ||    61
       Rpst.: Long sword |     7 |     5 ||    12

Table legend: (Time is in decaauts)
 A = Elapsed time spent in this place.
 B = Non-inter-level travel time spent in this place.
 C = Inter-level travel time spent in this place.
 D = Time resting spent in this place.
 E = Time spent auto-exploring this place.
 F = Levels seen in this place.
 G = Mean time per level.
                   A        B        C        D        E       F      G
               +--------+--------+--------+--------+--------+-----+--------+
         Total |   1768 |   1768 |      0 |      0 |     48 |   4 |  442.0 |
       Dungeon |   1768 |   1768 |      0 |      0 |     48 |   4 |  442.0 |
               +--------+--------+--------+--------+--------+-----+--------+

Top non-repeatable levels by time:
     D:1: 625 daAuts
     D:2: 596 daAuts
     D:3: 539 daAuts
     D:4: 7 daAuts
